[Event "*** Titled Tuesday Blitz"]
[Site "Chess.com"]
[Date "2021.02.16"]
[Round "2"]
[White "Msb2"]
[Black "Deepweb2020"]
[Result "1-0"]
[WhiteElo "2850"]
[BlackElo "2525"]
[TimeControl "180+1"]
[EndTime "10:17:52 PST"]
[Termination "Msb2 won by resignation"]

1. d4 Nf6 2. Nf3 e6 3. e3 b6 4. Bd3 Bb7 5. O-O Be7 6. c4 O-O 7. Nc3 c5 8. d5 exd5 9. cxd5 Nxd5 10. Nxd5 Bxd5 11. Bxh7+ Kxh7 12. Qxd5 Nc6 13. e4 Nb4 14.
Qh5+ Kg8 15. Bg5 f6 16. Bd2 Nc6 17. Rad1 Qe8 18. Qg4 Rd8 19. Bc3 d6 20. Nh4 Ne5 21. Bxe5 fxe5 22. Nf5 Bf6 23. Nxd6 Qd7 24. Nf5 Qb5 25.
b3 c4 26. Nd6 Rxd6 27. Rxd6 cxb3 28. Qe6+ Kh8 29. axb3 Re8 30. Qh3+ Kg8 31. Rfd1 Qxb3 32. Qxb3+ 1-0

[Event "*** Titled Tuesday Blitz"]
[Site "Chess.com"]
[Date "2021.02.16"]
[Round "2"]
[White "dolynachess"]
[Black "Faqade"]
[Result "0-1"]
[WhiteElo "2426"]
[BlackElo "2688"]
[TimeControl "180+1"]
[EndTime "10:17:54 PST"]
[Termination "Faqade won by resignation"]

1. d4 Nf6 2. c4 g6 3. Nc3 Bg7 4. e4 O-O 5. Nf3 d6 6. Be2 e5 7. d5 a5 8. Be3 Ng4 9. Bg5 f6 10. Bh4 Na6 11. Nd2 Nh6 12. f3 Nf7 13. a3 Bd7 14.
Bf2 f5 15. O-O Bh6 16. Rb1 a4 17. b4 axb3 18. Nxb3 b6 19. a4 Nc5 20. Nxc5 bxc5 21. exf5 gxf5 22. Bd3 Kh8 23. Qc2 Rg8 24. Kh1 e4 25.
fxe4 f4 26. Ne2 Ne5 27. Be1 Bxa4 28. Qd2 f3 29. Qxh6 fxg2+ 30. Kg1 gxf1=Q+ 31. Kxf1 Qf8+ 32. Qxf8 Raxf8+ 0-1

[Event "*** Titled Tuesday Blitz"]
[Site "Chess.com"]
[Date "2021.02.16"]
[Round "2"]
[White "Redzishchess"]
[Black "azikom"]
[Result "0-1"]
[WhiteElo "2343"]
[BlackElo "2643"]
[TimeControl "180+1"]
[EndTime "10:17:55 PST"]
[Termination "azikom won by resignation"]

1. e4 c5 2. Nf3 d6 3. d4 cxd4 4. Nxd4 Nf6 5. Nc3 a6 6. Bg5 e6 7. f4 Nbd7 8. Qf3 Be7 9. O-O-O Qc7 10. f5 e5 11. Nde2 b5 12. Bxf6 Nxf6 13. Nd5 Nxd5 14. exd5 Bg5+ 15. Kb1 Qc5 16. Nc3 Qe3 17. Qxe3 Bxe3 18.
Bd3 Bd4 19. Ne4 Ke7 20. c3 Bb6 21. g4 h5 22. h3 Bb7 23. f6+ gxf6 24. Rhf1 Rh6 25.
g5 fxg5 26. Nxg5 Rf8 27. h4 Bxd5 28. Bf5 Bc4 29. Rfe1 Rf6 30. Bh3 Rf4 31. Rd2 Rxh4 32. Bf5 Rf4 33. Bh3 Rf2 34. Nh7 Rxd2 0-1

[Event "*** Titled Tuesday Blitz"]
[Site "Chess.com"]
[Date "2021.02.16"]
[Round "2"]
[White "LamaChampetre"]
[Black "AldokhinIvan"]
[Result "0-1"]
[WhiteElo "2213"]
[BlackElo "2441"]
[TimeControl "180+1"]
[EndTime "10:17:55 PST"]
[Termination "AldokhinIvan won by resignation"]

1. d4 Nf6 2. c4 g6 3. Nc3 Bg7 4. e4 d6 5. h3 O-O 6. Nf3 Nc6 7. Be3 Re8 8. Be2 e5 9. d5 Nd4 10. Nxd4 exd4 11. Bxd4 Nxe4 12. Bxg7 Kxg7 13. Nxe4 Rxe4 14. O-O Qf6 15. b3 Bd7 16. Bf3 Rd4 17. Qe2 Re8 18.
Qb2 Rd3 19. Qxf6+ Kxf6 20. Rfe1 Rxe1+ 21. Rxe1 Rd2 22. Re2 Rxe2 23. Bxe2 Ke5 24. Kh2 Kd4 25. Kg3 Kc3 26. Kf4 f6 27. Bd1 Bf5 28. h4 Bb1 29. g4 Bxa2 30. h5 Bxb3 31. Bf3 a5 32. Be4 a4 33. h6 Bc2 34. f3 a3 0-1

[Event "*** Titled Tuesday Blitz"]
[Site "Chess.com"]
[Date "2021.02.16"]
[Round "2"]
[White "Khnykin_Nikolay"]
[Black "ljuks68"]
[Result "0-1"]
[WhiteElo "2081"]
[BlackElo "2392"]
[TimeControl "180+1"]
[EndTime "10:17:55 PST"]
[Termination "ljuks68 won on time"]

1. d4 d5 2. Nc3 Nf6 3. Bf4 Bf5 4. e3 e6 5. f3 Bb4 6. Qd2 Nbd7 7. a3 Ba5 8. b4 Bb6 9. g4 Bg6 10. h4 h6 11. Nge2 a5 12. b5 a4 13.
Bh3 c5 14. bxc6 bxc6 15. O-O c5 16. Rab1 cxd4 17. Nxd4 Rc8 18. h5 Bh7 19. Bg3 Ba5 20. Ndb5 O-O 21. Qd4 e5 22. Bxe5 Nxe5 23. Qxe5 Re8 24.
Qd4 Bb6 25. Qd1 Rxe3 26. Kg2 Rexc3 27. Nxc3 Rxc3 28. Re1 Rxc2+ 29. Kh1 Qd6 30. Re2 Rxe2 31. Qxe2 Bxb1 0-1

[Event "*** Titled Tuesday Blitz"]
[Site "Chess.com"]
[Date "2021.02.16"]
[Round "2"]
[White "Skatchkov_V"]
[Black "KuzubovYuriy"]
[Result "0-1"]
[WhiteElo "2514"]
[BlackElo "2832"]
[TimeControl "180+1"]
[EndTime "10:17:56 PST"]
[Termination "KuzubovYuriy won by resignation"]

1. d4 Nf6 2. c4 e6 3. Nf3 d5 4. g3 dxc4 5. Bg2 Be7 6. O-O O-O 7. Ne5 Nc6 8. Bxc6 bxc6 9. Nxc6 Qe8 10. Nxe7+ Qxe7 11. Qa4 c5 12. Qxc4 cxd4 13. Qxd4 e5 14. Qh4 h6 15. Nc3 Rb8 16. Ne4 Rb6 17. Be3 g5 18. Nxf6+ Rxf6 19. Qc4 Qb7 20. h4 Bh3 21. f3 Rc8 22. Qa4 Bxf1 23. Rxf1 gxh4 24. Qxh4 Rg6 25.
Bxh6 Qxb2 26. Rf2 Qd4 27. Qh3 Rc2 28. Kg2 Qd1 29. Be3 0-1

[Event "*** Titled Tuesday Blitz"]
[Site "Chess.com"]
[Date "2021.02.16"]
[Round "2"]
[White "GameOverBro"]
[Black "DarZay"]
[Result "1-0"]
[WhiteElo "2425"]
[BlackElo "2155"]
[TimeControl "180+1"]
[EndTime "10:17:57 PST"]
[Termination "GameOverBro won by resignation"]

1. e4 c5 2. Ne2 Nc6 3. Nbc3 Nf6 4. g3 d5 5. exd5 Nxd5 6. Bg2 e6 7. O-O Be7 8. d3 O-O 9. Nf4 Nxc3 10. bxc3 Bf6 11. Bd2 Ne7 12. Nh5 Ng6 13. Nxf6+ Qxf6 14. f4 e5 15. fxe5 Qxe5 16. Rb1 Rb8 17. Qf3 b6 18. Rbe1 Qd6 19. Qd5 Qxd5 20. Bxd5 Bb7 21. c4 Bxd5 22. cxd5 b5 23. h4 Rbd8 24. h5 Nh8 25. c4 f6 26. Re7 Rf7 27. Rfe1 Kf8 28. R7e6 Rfd7 29. Be3 Rc8 30. Rc6 Rdc7 31. Bxc5+ Kf7 32. cxb5 g6 33. Bxa7 gxh5 34. Bb6 Rxc6 35. bxc6 Ng6 36. d6 Ne5 37. d7 1-0

[Event "*** Titled Tuesday Blitz"]
[Site "Chess.com"]
[Date "2021.02.16"]
[Round "2"]
[White "Evachess2006"]
[Black "Lady_Nika"]
[Result "0-1"]
[WhiteElo "1610"]
[BlackElo "2375"]
[TimeControl "180+1"]
[EndTime "10:17:58 PST"]
[Termination "Lady_Nika won by resignation"]

1. e4 c6 2. d4 d5 3. exd5 cxd5 4. Bd3 Nf6 5. c3 Nc6 6. Ne2 Bg4 7. O-O e6 8. Bf4 Bd6 9. Bg3 O-O 10. Nd2 Re8 11. Re1 e5 12. dxe5 Bxe5 13. Bxe5 Nxe5 14. Qc2 Qb6 15.
b3 Rac8 16. Nf4 d4 17. Nc4 Nxc4 18. Bxc4 dxc3 19. Qxc3 Ne4 20. Qe3 Nd6 21. Qxb6 Rxe1+ 22. Rxe1 axb6 23. f3 Bf5 24. Re7 Nxc4 25. bxc4 Kf8 26. Rxb7 Rxc4 27. Rxb6 Rxf4 28. Rb8+ Ke7 29. Ra8 Bd7 30.
Ra7 Ra4 31. Rxa4 Bxa4 32. Kf2 Ke6 33. Ke3 g5 34. Kd4 f5 35. Kc3 Ke5 36. Kb4 Bc6 37. a4 Kf4 38. a5 Ke3 39. a6 Kf2 40. Kc5 Ba8 41. a7 Kxg2 42. Kb6 Bxf3 43. Kc7 h5 44. Kb8 g4 45. Kc7 h4 46. Kd6 Kxh2 47. Ke5 Be4 0-1

[Event "*** Titled Tuesday Blitz"]
[Site "Chess.com"]
[Date "2021.02.16"]
[Round "2"]
[White "LubovMarkelova"]
[Black "anon481216"]
[Result "0-1"]
[WhiteElo "2247"]
[BlackElo "2456"]
[TimeControl "180+1"]
[EndTime "10:18:01 PST"]
[Termination "anon481216 won by resignation"]

1. d4 d5 2. Nf3 Nf6 3. Bf4 c5 4. e3 Nc6 5. Nbd2 e6 6. c3 Bd6 7. Bg3 O-O 8. Bd3 b6 9. e4 Be7 10. e5 Nh5 11. Nf1 cxd4 12. Nxd4 Nxd4 13. Qxh5 g6 14.
Qg4 Nf5 15. O-O-O b5 16. Bxf5 exf5 17. Qd4 Be6 18. Ne3 Qa5 19. Nxd5 Bg5+ 20. f4 Rfd8 21. fxg5 Rxd5 22. Qb4 Qxa2 23. Rxd5 Bxd5 24. Rd1 Bb3 25.
Rd7 Qa1+ 26. Kd2 Qd1+ 0-1

[Event "*** Titled Tuesday Blitz"]
[Site "Chess.com"]
[Date "2021.02.16"]
[Round "2"]
[White "KeithArkell"]
[Black "tigra"]
[Result "0-1"]
[WhiteElo "2532"]
[BlackElo "2858"]
[TimeControl "180+1"]
[EndTime "10:18:04 PST"]
[Termination "tigra won by resignation"]

1. d4 Nf6 2. Nf3 e6 3. Ng1 c5 4. Nf3 cxd4 5. c4 Ng8 6. Nxd4 a6 7. Nc3 Nf6 8. a3 Nc6 9. Nxc6 bxc6 10. b4 a5 11. b5 Bb7 12. bxc6 Bxc6 13. Qd3 Bc5 14.
Be3 Qb6 15. Rb1 Qa7 16. Bxc5 Qxc5 17. Nb5 a4 18. f3 O-O 19. e4 Rab8 20. Be2 d5 21.
cxd5 exd5 22. e5 Nd7 23. f4 Rxb5 24. Rxb5 Bxb5 25. Qxb5 Qc1+ 26. Bd1 Qe3+ 27. Be2 Nc5 28. Rf1 Qc3+ 29. Kd1 Rc8 30. Rf3 Qa1+ 31. Kd2 Ne4+ 32.
Ke3 0-1

[Event "*** Titled Tuesday Blitz"]
[Site "Chess.com"]
[Date "2021.02.16"]
[Round "2"]
[White "ARTHURMOTIVATOR"]
[Black "GoltsevDmitry2000"]
[Result "0-1"]
[WhiteElo "2327"]
[BlackElo "2640"]
[TimeControl "180+1"]
[EndTime "10:18:04 PST"]
[Termination "GoltsevDmitry2000 won by resignation"]

1. e4 c5 2. Nf3 e6 3. d4 cxd4 4. Nxd4 a6 5. Nc3 Qc7 6. Be2 Nc6 7. O-O Nf6 8. Kh1 Nxd4 9. Qxd4 Bc5 10. Qd3 b5 11. Bg5 Bb7 12. a3 h5 13. f4 Ng4 14.
e5 Ne3 15. Bf3 Nxf1 16. Bxb7 Qxb7 17. Ne4 Ne3 18. Re1 Qd5 19. Qxd5 Nxd5 20. Nxc5 O-O 21. b4 Rfc8 22. Rd1 a5 23. f5 axb4 24. axb4 Nxb4 25.
Nxd7 Rxc2 26. fxe6 fxe6 27. h4 Nd5 28. Rf1 Rc7 29. Nb6 Nxb6 0-1

[Event "*** Titled Tuesday Blitz"]
[Site "Chess.com"]
[Date "2021.02.16"]
[Round "2"]
[White "PSvidler"]
[Black "MF1966Idrisov"]
[Result "1-0"]
[WhiteElo "2912"]
[BlackElo "2371"]
[TimeControl "180+1"]
[EndTime "10:18:07 PST"]
[Termination "PSvidler won on time"]

1. e4 c6 2. d4 d5 3. e5 g6 4. h4 h5 5. c4 dxc4 6. Bxc4 Bf5 7. Nc3 Nh6 8. Nge2 Qd7 9. Bg5 Bg7 10. Qd2 Ng8 11. O-O Na6 12. Ng3 Be6 13. Bxa6 bxa6 14. Nge4 Bc4 15. Rfe1 Nh6 16. Nf6+ exf6 17. exf6+ Kf8 18.
fxg7+ Kxg7 19. Ne4 Ng4 20. f3 f6 21. Bf4 Nh6 22.
Nxf6 Kxf6 23. Bxh6 Rhe8 24. Qf4+ Qf5 25. Qc7 Bf7 26. Re5 Qc2 27. Rae1 Qc4 28. Qd6+ Re6 29. Rxe6+ Bxe6 30. Bg5+ Kg7 31. Rxe6 1-0

[Event "*** Titled Tuesday Blitz"]
[Site "Chess.com"]
[Date "2021.02.16"]
[Round "2"]
[White "Violord"]
[Black "Yurovskykh_Oleksandr"]
[Result "1-0"]
[WhiteElo "2717"]
[BlackElo "2477"]
[TimeControl "180+1"]
[EndTime "10:18:08 PST"]
[Termination "Violord won by resignation"]

1. e4 Nf6 2. e5 Nd5 3. d4 d6 4. Nf3 dxe5 5. Nxe5 c6 6. Be2 Bf5 7. O-O Nd7 8. Nf3 e6 9. c4 N5f6 10. Nh4 Bxb1 11. Rxb1 Bd6 12. Nf3 O-O 13. b4 Re8 14.
h3 e5 15. c5 Bc7 16. Bc4 exd4 17. Qb3 Nd5 18. Bxd5 cxd5 19. Qxd5 Rb8 20. Bg5 Nf6 21.
Qxd8 Rbxd8 22. Rfd1 d3 23. Rb3 d2 24. Kf1 Re4 25.
Bxf6 gxf6 26. Rxd2 Rxd2 27. Nxd2 Rd4 28. Ke2 Be5 29.
g3 f5 30. a3 Bf6 31. Rd3 Kf8 32. Rxd4 Bxd4 33. Nc4 b5 34. cxb6 axb6 35. a4 Ke7 36. f3 h5 37. Kd3 Bf2 38. Ke2 Bd4 39. Ne3 Ke6 40. Kd3 Bb2 41. Nc4 1-0

[Event "*** Titled Tuesday Blitz"]
[Site "Chess.com"]
[Date "2021.02.16"]
[Round "2"]
[White "KetiGrant"]
[Black "Genghis_K"]
[Result "0-1"]
[WhiteElo "2368"]
[BlackElo "2898"]
[TimeControl "180+1"]
[EndTime "10:18:11 PST"]
[Termination "Genghis_K won on time"]

1. e4 c5 2. Nf3 d6 3. Bb5+ Nd7 4.
O-O a6 5. Bd3 Ngf6 6. c3 b5 7.
Bc2 c4 8. a4 Bb7 9. Re1 e6 10.
d4 cxd3 11. Bxd3 Be7 12. axb5 axb5 13. Rxa8 Bxa8 14. Na3 O-O 15. b4 d5 16. exd5 Nxd5 17. Nxb5 Bf6 18. Qc2 h6 19. Be4 Qb8 20. Nbd4 Rc8 21.
Qd2 N7b6 22. Bc2 Rxc3 23. Bb2 Nc4 24. Bxc3 Nxd2 25. Bxd2 Nxb4 26. Rb1 Qc8 27. Rxb4 Bxf3 28. gxf3 Bxd4 29. Rxd4 Qxc2 30. f4 Qd1+ 31. Kg2 Qg4+ 32. Kf1 h5 33. Be3 h4 0-1

[Event "*** Titled Tuesday Blitz"]
[Site "Chess.com"]
[Date "2021.02.16"]
[Round "2"]
[White "MrTattaglia"]
[Black "DrCeltic"]
[Result "1-0"]
[WhiteElo "2772"]
[BlackElo "2500"]
[TimeControl "180+1"]
[EndTime "10:18:14 PST"]
[Termination "MrTattaglia won by resignation"]

1. Nf3 c5 2. g3 Nf6 3. Bg2 e6 4. c4 Be7 5. d4 cxd4 6. Nxd4 O-O 7. O-O a6 8. Nc3 d6 9. e4 Qc7 10. Qe2 Nbd7 11. b3 Ne5 12. f4 Ng6 13. Be3 Bd7 14.
Rac1 Rac8 15. h4 Rfe8 16. h5 Nf8 17. g4 e5 18. Nf5 Bxf5 19. gxf5 h6 20. Bf3 N8d7 21.
Kh1 exf4 22. Bxf4 Ne5 23. Rg1 Kh7 24. Rg2 Qa5 25. Bd2 Qc7 26. Qe3 Bf8 27. Rcg1 Nxf3 28. Qxf3 b5 29. Nd5 Nxd5 30. cxd5 f6 31. Qg4 Qe7 32.
Bxh6 Qxe4 33. Qg6+ Kh8 34. Bxg7+ 1-0

[Event "*** Titled Tuesday Blitz"]
[Site "Chess.com"]
[Date "2021.02.16"]
[Round "2"]
[White "Piotrek1979"]
[Black "Funo09"]
[Result "0-1"]
[WhiteElo "2414"]
[BlackElo "2766"]
[TimeControl "180+1"]
[EndTime "10:18:14 PST"]
[Termination "Funo09 won by resignation"]

1. e4 c6 2. d4 d5 3. exd5 cxd5 4. Bd3 Nc6 5. c3 Nf6 6. Bf4 g6 7. Nf3 Bf5 8. O-O Bg7 9. Re1 Bxd3 10. Qxd3 O-O 11. Nbd2 Qb6 12. Rab1 Rac8 13. h3 e6 14. Ne5 Nxe5 15. Bxe5 a5 16. a4 Qc6 17. Qb5 Nd7 18.
Bxg7 Kxg7 19. Qxc6 Rxc6 20. Ra1 Rfc8 21. Ra2 Nb6 22. Kf1 h5 23. g3 Kf6 24. Ke2 R8c7 25.
Kd3 Nc8 26. Rc1 Nd6 27. b3 g5 28. Rac2 Rb6 29. c4 dxc4+ 30. bxc4 Rb4 31. Rb1 Rxa4 32. c5 Nf5 33. Rc4 Ra3+ 34. Rc3 Ra2 35. Ne4+ Kg6 36. Rcb3 Rd7 37. Nd6 Nxd6 38. cxd6 Rxf2 39. Rb6 Rf3+ 40. Ke4 Rxg3 41. Rc1 f5+ 0-1

[Event "*** Titled Tuesday Blitz"]
[Site "Chess.com"]
[Date "2021.02.16"]
[Round "2"]
[White "MartinMatthiesen"]
[Black "RD4ever"]
[Result "0-1"]
[WhiteElo "2366"]
[BlackElo "2860"]
[TimeControl "180+1"]
[EndTime "10:18:15 PST"]
[Termination "RD4ever won on time"]

1. d4 Nf6 2. c4 g6 3. Nc3 Bg7 4. e4 O-O 5. Nf3 d6 6. Be2 e5 7. d5 a5 8. Bg5 Na6 9. Nd2 h6 10. Be3 Nd7 11. O-O f5 12. f3 f4 13. Bf2 g5 14. a3 Rf7 15. b4 Bf8 16. Nb3 axb4 17. axb4 Rb8 18. Ra4 Nb6 19. Ra1 Nxb4 20. c5 Nd7 21. cxd6 cxd6 22. Ra4 Na6 23. Bxa6 bxa6 24. Na5 Qf6 25. Nc6 Ra8 26. Ra3 Qg6 27. Nb5 Nf6 28. Bb6 Ne8 29. Qe2 Rg7 30. h3 h5 0-1

[Event "*** Titled Tuesday Blitz"]
[Site "Chess.com"]
[Date "2021.02.16"]
[Round "2"]
[White "BabyBoss31"]
[Black "DamianoLew95"]
[Result "0-1"]
[WhiteElo "2326"]
[BlackElo "2589"]
[TimeControl "180+1"]
[EndTime "10:18:15 PST"]
[Termination "DamianoLew95 won by resignation"]

1. d4 Nf6 2. Bg5 d5 3. Bxf6 exf6 4. e3 c6 5. c4 dxc4 6. Bxc4 Bd6 7. Nc3 O-O 8. Nf3 Nd7 9. O-O Nb6 10. Bd3 Bg4 11.
Qc2 h6 12. Nd2 Re8 13. h3 Be6 14. Nde4 Bb8 15. Nc5 Bc8 16. a4 Qd6 17. g3 Bxh3 18. Rfe1 Bc8 19. Bf5 Qc7 20. Bxc8 Qxc8 21. Kg2 Bd6 22.
N3e4 Bf8 23. Qb3 Rb8 24. Rac1 Nd5 25. a5 b6 26. axb6 axb6 0-1

[Event "*** Titled Tuesday Blitz"]
[Site "Chess.com"]
[Date "2021.02.16"]
[Round "2"]
[White "CraiggoryC"]
[Black "tlomigtlis"]
[Result "1-0"]
[WhiteElo "2233"]
[BlackElo "2599"]
[TimeControl "180+1"]
[EndTime "10:18:16 PST"]
[Termination "CraiggoryC won by checkmate"]

1. e4 c5 2. Nf3 d6 3. d4 cxd4 4. Nxd4 Nf6 5. Nc3 a6 6. Bc4 e6 7. O-O Nbd7 8. f4 Nc5 9. Qe2 Be7 10. f5 e5 11. Nb3 b5 12. Bd5 Bb7 13. Bxb7 Nxb7 14.
Bg5 O-O 15. Bxf6 Bxf6 16. Rad1 g6 17. Nd5 Bg7 18. f6 Bh6 19. Rd3 Bg5 20. Qg4 Bf4 21. Rxf4 Re8 22. Qg5 Re6 23. Rh4 Kf8 24. Rxh7 Ke8 25.
Rh8+ Kd7 26. Rxd8+ Rxd8 27. Nb6+ Kc6 28. Nd5 Rh8 29.
Ne7+ Kd7 30. Qg4 Kd8 31. Rf3 Rh5 32. Qg3 a5 33. Qf2 Kc7 34. Qa7 a4 35. Na5 Rxe7 36. Qxb7+ Kd8 37. Qxe7+ Kc8 38. Qb7+ Kd8 39. Nc6+ Ke8 40.
Qe7# 1-0

[Event "*** Titled Tuesday Blitz"]
[Site "Chess.com"]
[Date "2021.02.16"]
[Round "2"]
[White "IMAghasiyevKamal"]
[Black "ellennilssen"]
[Result "1-0"]
[WhiteElo "2526"]
[BlackElo "2221"]
[TimeControl "180+1"]
[EndTime "10:18:18 PST"]
[Termination "IMAghasiyevKamal won by resignation"]

1. d4 Nf6 2. c4 e6 3. Nc3 d5 4.
cxd5 exd5 5. Bg5 Be7 6. Qc2 c6 7. e3 Nbd7 8. Bd3 O-O 9. Nge2 Re8 10. O-O Nf8 11. f3 h6 12. Bh4 Be6 13. Rad1 Rc8 14.
Kh1 N6h7 15. Bf2 Bd6 16. e4 dxe4 17. fxe4 Bb8 18. Bg1 Ng5 19. Nf4 Bg4 20. Rde1 Nge6 21. Nxe6 Bxe6 22. e5 a6 23. a3 Ba7 24. Qe2 Bxd4 25.
Rd1 c5 26. Ne4 Bb3 27. Bc2 Bxc2 28. Qxc2 Re6 29. Nd6 Rc7 30. Bxd4 cxd4 31. Qb3 Qe7 32. Rxd4 Qg5 33. Rd5 Rc1 34. Rdd1 Rxd1 35. Qxd1 Qxe5 36.
Nxf7 Rf6 37. Nxe5 Rxf1+ 38. Qxf1 1-0

[Event "*** Titled Tuesday Blitz"]
[Site "Chess.com"]
[Date "2021.02.16"]
[Round "2"]
[White "HanSchut"]
[Black "guillembaches"]
[Result "0-1"]
[WhiteElo "2257"]
[BlackElo "2464"]
[TimeControl "180+1"]
[EndTime "10:18:18 PST"]
[Termination "guillembaches won by resignation"]

1. e4 c5 2. Nf3 d6 3. d4 cxd4 4. Nxd4 Nf6 5. f3 e5 6. Bb5+ Nbd7 7. Nf5 a6 8. Bxd7+ Qxd7 9. Bg5 d5 10. Bxf6 gxf6 11. Ne3 dxe4 12. Qxd7+ Bxd7 13. Nd5 O-O-O 14. fxe4 Be6 15. Nbc3 f5 16. O-O-O Bh6+ 17. Kb1 fxe4 18. Ne7+ Kb8 19. Nxe4 Rd4 20. Nc5 Re8 21. Nxe6 Rxd1+ 22. Rxd1 Rxe7 23. Nc5 e4 24. Re1 f5 25. g3 Kc7 26.
b4 Kc6 27. c4 a5 28. a3 axb4 29. axb4 b5 30. cxb5+ Kxb5 31. Nb3 Kc4 32. Kc2 Ra7 33. Kb2 Bg7+ 0-1

[Event "*** Titled Tuesday Blitz"]
[Site "Chess.com"]
[Date "2021.02.16"]
[Round "2"]
[White "niki_2003"]
[Black "LogoCzar"]
[Result "0-1"]
[WhiteElo "2012"]
[BlackElo "2382"]
[TimeControl "180+1"]
[EndTime "10:18:18 PST"]
[Termination "LogoCzar won by checkmate"]

1. e4 c6 2. d4 d5 3. exd5 cxd5 4. c3 Nf6 5. Bd3 Nc6 6. Nf3 Bg4 7. O-O e6 8. h3 Bh5 9. Be3 Bd6 10. Nbd2 O-O 11.
Qc2 Rc8 12. a3 Bg6 13. Ne1 b5 14. b4 e5 15. Qb3 Bxd3 16. Nxd3 e4 17. Nf4 g5 18.
Ne2 Nh5 19. f3 exf3 20. Nxf3 h6 21. Kh1 Re8 22. Qxd5 Rxe3 23. Nxg5 Qxg5 24. Qxd6 Rxe2 25. g4 Qh4 26. Rf3 Re1+ 27. Rxe1 Qxe1+ 28. Kh2 Qe2+ 29. Kg1 Qxf3 30. Qxh6 Qg3+ 31. Kf1 Qf4+ 32. Qxf4 Nxf4 33. Kf2 Nxh3+ 34. Kg3 Ng5 35. Kh4 Ne6 36. g5 Ne7 37.
Kh5 Rxc3 38. Kh6 Rxa3 39. d5 Ng7 40. g6 fxg6 41. d6 Nef5+ 42. Kg5 Nxd6 43. Kxg6 Nf7 44. Kf6 Re3 45. Kg6 Re6# 0-1

[Event "*** Titled Tuesday Blitz"]
[Site "Chess.com"]
[Date "2021.02.16"]
[Round "2"]
[White "Murad_Ibrahimli"]
[Black "lucachess49"]
[Result "1-0"]
[WhiteElo "2841"]
[BlackElo "2365"]
[TimeControl "180+1"]
[EndTime "10:18:19 PST"]
[Termination "Murad_Ibrahimli won by checkmate"]

1. d4 Nf6 2. c4 e6 3. Nf3 a6 4.
Nc3 d5 5. cxd5 exd5 6. Bg5 Be6 7. Qb3 b5 8. Bxf6 Qxf6 9. a4 b4 10. Nxd5 Qd8 11. e4 c6 12. Qe3 cxd5 13. exd5 Qxd5 14. Rc1 Be7 15. Bd3 Qa5 16. O-O Nd7 17. d5 Bxd5 18.
Rfe1 Be6 19. Nd4 O-O 20. Nxe6 fxe6 21. Qxe6+ Kh8 22. Qxd7 Bf6 23. Qh3 h6 24. Qg4 Qg5 25. Qe4 g6 26. h4 Qf5 27. Qxa8 Rxa8 28. Bxf5 gxf5 29. b3 Bc3 30. Re6 Rd8 31. Rxh6+ Kg7 32. Rxa6 Rd2 33. Rc6 Rb2 34. R6xc3 bxc3 35. Rxc3 Rb1+ 36.
Kh2 Kh6 37. Kg3 Kh5 38. Rf3 f4+ 39. Kxf4 Kxh4 40. Rh3# 1-0

[Event "*** Titled Tuesday Blitz"]
[Site "Chess.com"]
[Date "2021.02.16"]
[Round "2"]
[White "lachesisQ"]
[Black "JosefineHeinemann"]
[Result "1-0"]
[WhiteElo "3053"]
[BlackElo "2598"]
[TimeControl "180+1"]
[EndTime "10:18:21 PST"]
[Termination "lachesisQ won by resignation"]

1. e4 c5 2. Nf3 d6 3. d4 cxd4 4. Nxd4 Nf6 5. Nc3 a6 6. Bg5 e6 7. Qf3 Be7 8. O-O-O Qc7 9. Be2 Nbd7 10. Rhe1 h6 11.
Bxf6 Nxf6 12. Qg3 O-O 13. f4 b5 14. e5 dxe5 15. fxe5 Nd7 16. Bf3 Bb7 17. Bxb7 Qxb7 18.
Kb1 Rac8 19. Ne4 Qc7 20. Nd6 Rcd8 21. N4f5 exf5 22. Nxf5 Bf6 23. Nxh6+ Kh8 24. Qh3 Nxe5 25. Nxf7+ Kg8 26. Nxd8 Rxd8 27. Qe6+ Kh7 28. Qxa6 Rxd1+ 29. Rxd1 Nc4 30. Qxb5 Nxb2 31. Qh5+ Kg8 32. Qe8+ Kh7 33. Rd5 1-0

[Event "*** Titled Tuesday Blitz"]
[Site "Chess.com"]
[Date "2021.02.16"]
[Round "2"]
[White "federicosellitti"]
[Black "Michaelson_11"]
[Result "1-0"]
[WhiteElo "2466"]
[BlackElo "2264"]
[TimeControl "180+1"]
[EndTime "10:18:21 PST"]
[Termination "federicosellitti won on time"]

1. e4 c5 2. Nc3 Nc6 3. g3 g6 4.
Bg2 Bg7 5. d3 e6 6. Be3 d6 7. Qd2 Nge7 8. Bh6 Bf6 9. Nge2 Nd4 10.
O-O Nec6 11. f4 Bd7 12. e5 dxe5 13. fxe5 Nxe5 14. Ne4 Be7 15. Bg7 f5 16. Bxe5 Rf8 17.
Nd6+ Bxd6 18. Bxd6 Rf7 19. Nxd4 cxd4 20. Bxb7 Rb8 21.
Bxb8 Qxb8 22. Bg2 g5 23. Qxg5 Qb6 24. Rae1 Kf8 25. b3 Rg7 26. Qf6+ Kg8 27. Rxf5 exf5 28. Bd5+ 1-0

[Event "*** Titled Tuesday Blitz"]
[Site "Chess.com"]
[Date "2021.02.16"]
[Round "2"]
[White "Iskusnyh"]
[Black "Firouzja2003"]
[Result "0-1"]
[WhiteElo "2599"]
[BlackElo "3079"]
[TimeControl "180+1"]
[EndTime "10:18:22 PST"]
[Termination "Firouzja2003 won on time"]

1. d4 Nf6 2. c4 g6 3. g3 Bg7 4.
Bg2 d6 5. Nc3 Nc6 6. Nf3 Bf5 7.
d5 Na5 8. Qa4+ c6 9. Nd4 Bd7 10. dxc6 bxc6 11. Nxc6 Nxc6 12. Bxc6 Rc8 13. Bxd7+ Qxd7 14. Qb3 Qc6 15. O-O Qxc4 16. Bg5 Nd7 17. Rfc1 Qxb3 18.
axb3 h6 19. Nd5 Rxc1+ 20. Rxc1 Nb6 21. Nxb6 axb6 22. Be3 Kd7 23. Bxb6 Rb8 24. Rc7+ Ke6 25. Be3 Rxb3 26. Kg2 Rxb2 27. Kf3 f5 28. h4 Rb3 29. Kg2 Rb4 30. Kf3 Ra4 31. Rb7 Kf6 32. Rc7 g5 33.
hxg5+ hxg5 34. Rb7 Bh6 35. Kg2 Ke6 36. Rc7 Ra2 37.
Kf1 f4 38. gxf4 gxf4 39. Bd4 Kd5 0-1

[Event "*** Titled Tuesday Blitz"]
[Site "Chess.com"]
[Date "2021.02.16"]
[Round "2"]
[White "Witik"]
[Black "alejogarcia1999"]
[Result "1-0"]
[WhiteElo "2771"]
[BlackElo "2500"]
[TimeControl "180+1"]
[EndTime "10:18:24 PST"]
[Termination "Witik won by resignation"]

1. e4 c5 2. Nf3 e6 3. d4 cxd4 4. Nxd4 Nc6 5. Nc3 Nf6 6. a3 Be7 7. Be2 O-O 8. O-O d5 9. exd5 Nxd5 10. Nxc6 bxc6 11. Ne4 f5 12. Nd2 e5 13. Nc4 Bf6 14. Re1 Rb8 15. Bf1 e4 16. f3 Re8 17. c3 e3 18. f4 Nxf4 19. Bxe3 Qc7 20. Qd6 Be5 21. Bxf4 Bxd6 22. Rxe8+ Kf7 23. Bxd6 1-0

[Event "*** Titled Tuesday Blitz"]
[Site "Chess.com"]
[Date "2021.02.16"]
[Round "2"]
[White "Ashedu66"]
[Black "Stewie_89"]
[Result "0-1"]
[WhiteElo "2194"]
[BlackElo "2613"]
[TimeControl "180+1"]
[EndTime "10:18:25 PST"]
[Termination "Stewie_89 won on time"]

1. d4 d5 2. c4 c6 3. Nf3 Nf6 4. e3 e6 5. Bd3 Nbd7 6. O-O Be7 7. b3 b6 8. Bb2 Bb7 9. Nbd2 O-O 10. Qe2 c5 11. Rad1 Ne4 12. Ne5 f5 13. Ndf3 Ndf6 14.
cxd5 Bxd5 15. dxc5 Bxc5 16. Bc4 Qe7 17. Nd4 Rac8 18. Ba6 Rce8 19. Bb5 Rc8 20. Ba6 Rce8 21. Bb5 Ra8 22. Ndc6 Qc7 23. Nd4 Qxe5 24. b4 Bxd4 25.
Bxd4 Qd6 26. f3 Ng5 27. e4 fxe4 28. fxe4 Ngxe4 29. Rf2 Nxf2 0-1

[Event "*** Titled Tuesday Blitz"]
[Site "Chess.com"]
[Date "2021.02.16"]
[Round "2"]
[White "German_Bazeev"]
[Black "Angel_Hranitel_37"]
[Result "1-0"]
[WhiteElo "2726"]
[BlackElo "2483"]
[TimeControl "180+1"]
[EndTime "10:18:26 PST"]
[Termination "German_Bazeev won on time"]

1. d4 Nf6 2. Nf3 g6 3. Bg5 Bg7 4.
e3 d6 5. Be2 O-O 6. O-O Nbd7 7.
c4 b6 8. Nc3 Bb7 9. Rc1 Ne4 10.
Nxe4 Bxe4 11. Nd2 Bb7 12. Bf3 Bxf3 13. Qxf3 Qe8 14. Qc6 Rc8 15. b4 e5 16. Nb3 exd4 17.
exd4 Nf6 18. Qxe8 Rfxe8 19. Bxf6 Bxf6 20. Rfe1 c6 21. f4 d5 22. c5 bxc5 23. dxc5 Rxe1+ 24.
Rxe1 Bc3 25. Re7 Bxb4 26. Rxa7 Rd8 27. Ra4 Rb8 28. Kf1 Kg7 29. Ra6 d4 30. Rxc6 d3 31. Rd6 Ra8 32. Rxd3 Rxa2 33. Rd4 Ba3 34. Rc4 Rb2 35.
Nd4 1-0